[Event "*** Titled Tuesday Blitz"]
[Site "Chess.com"]
[Date "2020.03.03"]
[Round "4"]
[White "Slovak_fighter2000"]
[Black "DanielDardha2005"]
[Result "0-1"]
[WhiteElo "2376"]
[BlackElo "2683"]
[TimeControl "180+1"]
[EndTime "13:41:50 PST"]
[Termination "DanielDardha2005 won by resignation"]

1. d4 Nf6 2. Bf4 c5 3. e3 Qb6 4. Na3 d5 5. Nb5 Na6 6. c3 Bg4 7. Nf3 e6 8. a4 Be7 9. h3 Bh5 10. Be2 O-O 11. O-O cxd4 12. exd4 Ne4 13. Ne5 Bxe2 14.
Qxe2 Qd8 15. Qg4 Nd6 16. Bh6 Nf5 17. Bd2 Nc7 18. Qf3 Nd6 19. Nxc7 Qxc7 20. Bf4 Qd8 21.
Nd3 Nc4 22. Qg3 Bd6 23. Bxd6 Qxd6 24. Qxd6 Nxd6 25. a5 Rfc8 26. Ra4 Rc4 27. Rxc4 Nxc4 28. b4 b6 29. a6 Rc8 30. Rc1 f6 31. f4 Kf7 32. Kf2 h6 33. Ke2 g5 34. g3 Nd6 35. g4 Ne4 36. Kf3 Rxc3 37. Rxc3 Nxc3 38. Ke3 Nb5 39. fxg5 hxg5 40. Nb2 Nc7 41. Na4 Nxa6 42.
b5 Nc7 43. Nc3 e5 44. Kd3 Ke6 45. Ke3 Ne8 46. Kd3 Nd6 47. Ke3 Nc4+ 48. Kd3 Nd6 49. Ke3 Ne8 50. Kd3 Kd6 51. Ke3 Nc7 52. Kd3 Ne6 53.
Ne2 Nxd4 54. Nxd4 exd4 55. Kxd4 Ke6 56. Ke3 Ke5 57. Kd3 d4 0-1

[Event "*** Titled Tuesday Blitz"]
[Site "Chess.com"]
[Date "2020.03.03"]
[Round "4"]
[White "hansen"]
[Black "tigra"]
[Result "1-0"]
[WhiteElo "2926"]
[BlackElo "2771"]
[TimeControl "180+1"]
[EndTime "13:41:52 PST"]
[Termination "hansen won on time"]

1. e4 c5 2. Nf3 e6 3. d4 cxd4 4. Nxd4 Nf6 5. Nc3 d6 6. g4 h6 7.
h4 Nc6 8. Rg1 h5 9. gxh5 Nxh5 10. Bg5 Qb6 11. Nb3 a6 12. Qd2 Bd7 13. O-O-O Rc8 14.
Kb1 Ne5 15. Be3 Qc7 16. Be2 Nf6 17. f4 Nc4 18. Bxc4 Qxc4 19. e5 dxe5 20. fxe5 Nd5 21.
Nxd5 exd5 22. Bg5 Bc5 23. Nxc5 Rxc5 24. Rgf1 Be6 25. Rf4 Qb5 26. b3 Qc6 27. Rg1 a5 28. Rf2 a4 29. Be3 Rc3 30. Rf4 axb3 31. axb3 Kd7 32.
Kb2 Rc8 33. Rc1 Ke8 34. Rb4 Qc7 35. Bd4 Rh3 36. Qg5 Qe7 37. Qxe7+ Kxe7 38. Rxb7+ Ke8 39.
b4 Rxh4 40. c3 Rh2+ 41. Kb3 g5 42. b5 g4 43. Kb4 g3 44. Rg1 Rc4+ 45. Ka5 Ra2+ 46.
Kb6 g2 47. Rb8+ Kd7 48. Rg8 Rc8 49. R1xg2 Rxg8 50. Rxg8 Rb2 51. Rb8 Rb3 52. Rb7+ Kc8 53. Rc7+ Kb8 54. Re7 Kc8 55. Kc6 Kd8 56. Ra7 Bc8 57. Ra8 f6 58. exf6 1-0

[Event "*** Titled Tuesday Blitz"]
[Site "Chess.com"]
[Date "2020.03.03"]
[Round "4"]
[White "IngOscarArdila"]
[Black "guillembaches"]
[Result "0-1"]
[WhiteElo "2077"]
[BlackElo "2417"]
[TimeControl "180+1"]
[EndTime "13:41:53 PST"]
[Termination "guillembaches won by resignation"]

1. d4 Nf6 2. c4 e6 3. Nc3 Bb4 4. Bd2 b6 5. e3 Bb7 6. Nf3 O-O 7.
Bd3 d5 8. cxd5 exd5 9. O-O Re8 10. Qc2 Nbd7 11. a3 Bf8 12. Rac1 c5 13. Bb5 a6 14. Bxd7 Nxd7 15. dxc5 bxc5 16. Qf5 g6 17. Qh3 Nf6 18. Na4 Ne4 19. Bc3 Rc8 20. Be5 Rc6 21. Nc3 Rce6 22. Bf4 Bc8 23. Nxe4 Rxe4 24.
Qg3 d4 25. exd4 cxd4 26. Rc7 R4e7 27. Rd1 Rxc7 28. Bxc7 Qd5 29. h3 d3 30. Bf4 Bb7 31. Nh4 Rd8 32. Rd2 Bg7 33. f3 h5 34. Bg5 Re8 35. Kh2 Be5 36. Bf4 Bg7 37. Nxg6 fxg6 38. Qxg6 Re2 39. Bh6 Qf7 40. Qxf7+ Kxf7 41. Rxe2 dxe2 42.
Bd2 Bh6 43. Be1 Bf4+ 44. g3 Be3 45. Kg2 Ke6 46. h4 Kf5 47. b4 Bd5 48. a4 Bc4 49. Kh2 Bb3 50. a5 Bc4 51. Kg2 Bb5 52. Kh2 Bc6 53. Kg2 Bd5 54. Bc3 Bc1 55. Be1 Be3 56.
Bc3 Bc6 57. Be1 Ke6 58. Bc3 Kd5 59. Be1 Kc4 60. g4 hxg4 61. Kg3 gxf3 62. Bf2 Kd3 63. Be1 Bd2 64. Bf2 e1=Q 65. Bxe1 Bxe1+ 0-1

[Event "*** Titled Tuesday Blitz"]
[Site "Chess.com"]
[Date "2020.03.03"]
[Round "4"]
[White "AvitalBor"]
[Black "TST2014"]
[Result "1-0"]
[WhiteElo "2787"]
[BlackElo "2589"]
[TimeControl "180+1"]
[EndTime "13:42:01 PST"]
[Termination "AvitalBor won on time"]

1. e4 c5 2. c3 Nf6 3. e5 Nd5 4. d4 cxd4 5. cxd4 Nc6 6. Nf3 d6 7. Bc4 Nb6 8. Bb5 dxe5 9. Nxe5 Bd7 10. Nxd7 Qxd7 11. Nc3 e6 12. O-O Be7 13. Qg4 g6 14. Rd1 O-O 15. d5 exd5 16. Qxd7 Nxd7 17. Nxd5 Nde5 18. Bf4 Bd8 19. Rac1 a6 20. Bf1 f6 21. Be3 Rf7 22. f4 Ng4 23. Bc5 Kg7 24. h3 Nh6 25.
g4 Rc8 26. Bf2 Ne7 27. Rxc8 Nxc8 28. Bd4 Ng8 29. Bg2 Rd7 30. Kf1 Kf7 31. a4 Nce7 32.
Bc3 Nc6 33. b4 Bc7 34. Ke2 Bd8 35. b5 axb5 36. axb5 Na5 37. Ne3 Rxd1 38. Kxd1 b6 39. Kc2 Ne7 40. Nd5 Nxd5 41. Bxd5+ Ke7 42. Kd3 Bc7 43.
Ke4 Bd6 44. Bg8 h6 45. h4 Bc7 46. Bd5 Bd6 47. h5 gxh5 48. gxh5 Bc7 49. Ba1 Bd6 50. Kf5 Bc7 51. Bxf6+ Kd6 52. Ba2 Kc5 53. Bg7 Kxb5 54. Bxh6 Nc4 55. Bg7 Ne3+ 56. Ke4 Ng2 57. h6 Nxf4 58. h7 Ng6 59. Bf7 1-0

[Event "*** Titled Tuesday Blitz"]
[Site "Chess.com"]
[Date "2020.03.03"]
[Round "4"]
[White "volcanoexplorer"]
[Black "deBaller"]
[Result "1-0"]
[WhiteElo "2587"]
[BlackElo "2353"]
[TimeControl "180+1"]
[EndTime "13:42:01 PST"]
[Termination "volcanoexplorer won by resignation"]

1. e4 e6 2. d4 d5 3. Nc3 Nf6 4. Bg5 Be7 5. e5 Nfd7 6. h4 h6 7. Bxe7 Qxe7 8. Qg4 O-O 9. f4 a6 10. O-O-O f5 11. Qh3 c5 12. Nf3 Nc6 13. g4 b5 14.
gxf5 b4 15. f6 gxf6 16. Rg1+ Kh8 17. Ne2 f5 18. h5 Rg8 19. Nh4 Rxg1 20. Nxg1 Kh7 21.
Ngf3 Nxd4 22. Nxd4 cxd4 23. Ng6 Qf7 24. Rxd4 a5 25. Bb5 Nc5 26. Rd2 Ba6 27. Bxa6 Rxa6 28. Qf1 Rb6 29. Rg2 a4 30. Qf2 Rc6 31. Qh4 Rc8 32.
Qf6 Qxf6 33. exf6 b3 34. axb3 axb3 35. f7 Nd7 36. c3 Nf8 37. Kd2 Nxg6 38. hxg6+ Kg7 39.
Ke3 Rc4 40. Kf3 Re4 41. Rg1 d4 42. cxd4 Rxd4 43. Ra1 Rd3+ 44. Ke2 Rd8 45. Rg1 Kf6 46. Rg3 h5 47. Ke1 h4 48. Rxb3 Kxg6 49. Rh3 Kh5 50.
Ke2 Kg4 51. Rh1 Kg3 52. Rg1+ Kxf4 53. Rg8 Rd4 54. f8=Q Re4+ 55. Kf1 h3 56. Qh6+ Kf3 57. Qxh3+ Kf4 58. Qh4+ Ke5 59. Qxe4+ Kxe4 60. Ke2 e5 61.
Rb8 Kd4 62. Rb4+ Kc5 63. Rh4 f4 64. Rh5 Kd4 65. Kf3 e4+ 66. Kxf4 e3 67. Rh8 Kd3 68. Rd8+ Kc2 69. Kxe3 Kxb2 1-0

[Event "*** Titled Tuesday Blitz"]
[Site "Chess.com"]
[Date "2020.03.03"]
[Round "4"]
[White "AminMolaei"]
[Black "ChessBitl"]
[Result "1-0"]
[WhiteElo "2522"]
[BlackElo "2322"]
[TimeControl "180+1"]
[EndTime "13:42:03 PST"]
[Termination "AminMolaei won on time"]

1. d4 Nf6 2. Nf3 g6 3. g3 Bg7 4. Bg2 d6 5. O-O O-O 6. c4 Nc6 7. Nc3 e5 8. d5 Ne7 9. Ne1 Nd7 10. Nd3 b6 11. e4 f5 12. Be3 Ba6 13. Qa4 Bb7 14.
Rac1 Nc5 15. Nxc5 dxc5 16. f4 exf4 17. Bxf4 Nc8 18. exf5 Rxf5 19. Bh3 Rf8 20. Nb5 Nd6 21. Nxd6 cxd6 22. Be6+ Kh8 23. Qc2 Qc7 24. Rce1 Rae8 25. Re2 a6 26. Rfe1 b5 27. b3 Qa5 28. Bd2 Qc7 29. Bc3 b4 30. Bxg7+ Qxg7 31. Qd3 a5 32. h4 Qf6 33. Kh2 Kg7 34. Bh3 Rxe2+ 35.
Rxe2 Bc8 36. Bxc8 Rxc8 37. Re6 Qf2+ 38. Kh3 Rf8 39. Re7+ Rf7 40. Qe4 Qxa2 41. Rxf7+ Kxf7 42. Qe6+ Kg7 43. Qxd6 a4 44. Qe7+ Kg8 45. d6 Qf2 46. Qe6+ Kg7 47. Qe5+ Kg8 48. Qd5+ 1-0

[Event "*** Titled Tuesday Blitz"]
[Site "Chess.com"]
[Date "2020.03.03"]
[Round "4"]
[White "Tjktiger"]
[Black "champ2005"]
[Result "1-0"]
[WhiteElo "2828"]
[BlackElo "2968"]
[TimeControl "180+1"]
[EndTime "13:42:04 PST"]
[Termination "Tjktiger won by resignation"]

1. c4 f5 2. Nc3 Nf6 3. d4 d6 4. Nf3 g6 5. g3 Bg7 6. Bg2 O-O 7. O-O c6 8. b3 Na6 9. Re1 Qc7 10. Ba3 Qa5 11. Qc1 Bd7 12. Rb1 Nb4 13. Nd2 Ng4 14. h3 Nxf2 15. Bxb4 Qxb4 16. a3 Qb6 17. Na4 Qxd4 18. e3 Nxh3+ 19. Bxh3 Qf6 20. Bg2 e5 21. Nc3 h5 22. Qd1 Rae8 23. Nf1 h4 24. gxh4 Qxh4 25. Qxd6 Be6 26. Rbd1 Qf6 27. Ng3 Rf7 28. Qc5 Qh4 29.
Nf1 Bf8 30. Qxe5 Bg7 31. Qa5 b6 32. Qb4 a5 33. Qxb6 Bxc3 34. Qxc6 Rfe7 35. Re2 Kg7 36.
Rd6 Be5 37. Rdd2 Bf7 38. Qf3 f4 39. Rf2 fxe3 40. Nxe3 Bh2+ 41. Kf1 Rxe3 42. Qxf7+ Kh6 43. Rfe2 Bf4 44. Rxe3 Rxe3 45. Re2 Rc3 46. Qf8+ Kh5 47. Qh8+ Kg4 48. Qxc3 Qd8 49. Qh3+ Kg5 50. Be4 Qd1+ 51. Kf2 Qd6 52. Qg2+ Kh6 53. Qxg6+ Qxg6 54. Bxg6 Kxg6 55. Kf3 Kf5 56. Re4 Be5 57. Rxe5+ Kxe5 58. Ke3 Kd6 59. Kd4 Kc6 60. b4 a4 61. Ke5 Kb6 62. Kd6 Kb7 63. Kc5 Kc7 64. Kb5 Kb7 65. Kxa4 Kb6 66. Kb3 Kc6 67. a4 1-0

[Event "*** Titled Tuesday Blitz"]
[Site "Chess.com"]
[Date "2020.03.03"]
[Round "4"]
[White "INLOVEWITHF"]
[Black "arjwezhrtdrz"]
[Result "0-1"]
[WhiteElo "2411"]
[BlackElo "2145"]
[TimeControl "180+1"]
[EndTime "13:42:09 PST"]
[Termination "arjwezhrtdrz won by resignation"]

1. d4 d6 2. Nc3 e5 3. Nf3 Nd7 4. e4 c6 5. Bc4 Be7 6. O-O Ngf6 7. dxe5 dxe5 8. a4 a5 9. Be3 O-O 10. h3 Qc7 11. Qe1 h6 12. Rd1 Bc5 13. Bc1 Bb4 14.
Qe2 Be7 15. Nh4 Nc5 16. Nf5 Bxf5 17. exf5 Rad8 18. Rde1 Bd6 19. Be3 Rfe8 20. g4 Ncd7 21. f3 Bc5 22. Kg2 Bxe3 23. Qxe3 Qb6 24. Bb3 Qxe3 25.
Rxe3 Kf8 26. Rfe1 Ng8 27. Ne4 Rb8 28. g5 hxg5 29. Nxg5 Nh6 30. Re4 Nc5 31. Rxe5 Rxe5 32. Rxe5 Nxb3 33. cxb3 f6 34. Ne6+ Kf7 35. Rxa5 Nxf5 36.
Rxf5 Kxe6 37. Rf4 g5 38. Rb4 b5 39. axb5 Rxb5 40. Rxb5 cxb5 41. f4 Kf5 42. fxg5 fxg5 43. Kf3 b4 44. Kg3 Kf6 45. Kf2 Ke6 46. Ke2 Kd6 47.
Kd2 Kc6 48. Ke3 Kd5 49. Kf3 Ke5 50. Ke3 Kf5 51. Kd4 Kf4 52. Kc4 Kg3 53. Kxb4 Kxh3 54.
Kc4 g4 55. Kd3 g3 56. Ke2 Kh2 57. Kf1 g2+ 0-1

[Event "*** Titled Tuesday Blitz"]
[Site "Chess.com"]
[Date "2020.03.03"]
[Round "4"]
[White "Snegokhod"]
[Black "Vusatiuk_Vladimir"]
[Result "1/2-1/2"]
[WhiteElo "2595"]
[BlackElo "2383"]
[TimeControl "180+1"]
[EndTime "13:42:18 PST"]
[Termination "Game drawn - insufficient material"]

1. e4 c5 2. Nf3 Nc6 3. Bb5 d6 4.
d4 cxd4 5. Qxd4 Bd7 6. Bxc6 Bxc6 7. Nc3 Nf6 8. Bg5 e6 9. O-O-O h6 10. Bxf6 Qxf6 11. Qxf6 gxf6 12. Nd4 Be7 13. f4 a6 14. f5 Bd7 15. Nce2 Rc8 16. b3 Rg8 17. g3 e5 18. Nf3 Bc6 19. Nd2 b5 20. Kb2 Bd8 21.
Rhe1 Ba5 22. c3 Rg4 23. h3 Rg8 24. g4 d5 25. b4 Bb6 26. exd5 Bxd5 27. Ng3 Bf2 28.
Nde4 Bxe4 29. Nxe4 Bxe1 30. Nxf6+ Kf8 31. Rxe1 Rh8 32.
Rxe5 Kg7 33. Nh5+ Kh7 34. Re7 Rhf8 35. Ra7 Rc6 36. Ng3 Kg8 37. Ne4 Re8 38. Nc5 Re2+ 39. Kb3 Re3 40. Rxa6 Rxa6 41. Nxa6 Rxh3 42. Nc7 Rg3 43. Nd5 Kg7 44. a4 bxa4+ 45. Kxa4 Rxg4 46. Kb5 h5 47. c4 h4 48. Ne3 Rg3 49. Nf1 Rg2 50.
c5 Rf2 51. Ne3 h3 52. Ng4 Rg2 53. c6 Rxg4 54. c7 Rh4 55. c8=Q h2 56. f6+ Kg6 57. Qc2+ Kg5 58. Qg2+ Kxf6 59. Qh1 Kg5 60. Ka5 f5 61. b5 f4 62. b6 Kg4 63. b7 Rh8 64. Qg2+ Kf5 65.
b8=Q Rxb8 66. Qxh2 Rf8 67. Qf2 Kf6 68. Qxf4+ Ke7 69. Qg5+ Rf6 70. Kb5 Ke6 71. Kc5 Rf5+ 72. Qxf5+ Kxf5 1/2-1/2

[Event "*** Titled Tuesday Blitz"]
[Site "Chess.com"]
[Date "2020.03.03"]
[Round "4"]
[White "ChristianAlm"]
[Black "Sven_Tica"]
[Result "0-1"]
[WhiteElo "2351"]
[BlackElo "2663"]
[TimeControl "180+1"]
[EndTime "13:42:20 PST"]
[Termination "Sven_Tica won by checkmate"]

1. d4 d5 2. Bf4 e6 3. e3 Bd6 4.
Bg3 Qe7 5. Nd2 Nd7 6. Bd3 e5 7. dxe5 Nxe5 8. Ngf3 Nf6 9. Nxe5 Bxe5 10. O-O O-O 11. c3 Bg4 12. Be2 Bf5 13. Bf3 c6 14.
Re1 Rad8 15. Qa4 Bxg3 16. hxg3 Qc5 17. Qd4 Qa5 18. b4 Qa3 19. Nb3 Ne4 20. Rec1 Bg6 21. Bxe4 dxe4 22. Qe5 Rfe8 23. Qc7 Qa6 24. Nc5 Qb6 25.
Qxb7 f5 26. Qxb6 axb6 27. Nb3 Bf7 28. Nd4 c5 29. Nxf5 Be6 30. g4 g6 31. Ng3 Bxg4 32. bxc5 bxc5 33. a4 Ra8 34. a5 h5 35. Ra4 Bd7 36.
Rxe4 Rxa5 37. Rxe8+ Bxe8 38. Rd1 Kf8 39. Rd5 Bc6 40.
Re5 Kf7 41. f4 Ra2 42. Ne4 c4 43. Ng5+ Kg7 44. e4 Ba4 45. Re7+ Kf8 46. Rf7+ Ke8 47. e5 Bc6 48. Rg7 Rxg2+ 49. Kf1 h4 50. Rxg6 Bd5 51.
Rh6 Rg4 52. Nh3 Bg2+ 53. Kf2 Bxh3 54. Ke3 Bg2 55. e6 h3 56. f5 Re4+ 57. Kf2 Ke7 58. Rh7+ Kf8 59. f6 Rxe6 60. Kg3 Rxf6 61. Rh4 Rf3+ 62. Kh2 Rxc3 63. Rf4+ Ke7 64. Rf2 Kd6 65. Re2 Bd5 66. Rd2 Kc5 67. Rf2 Be4 68. Rf8 Rc2+ 69.
Kg3 c3 70. Rh8 Bc6 71. Rh5+ Bd5 72. Rh8 Rg2+ 73. Kxh3 c2 74. Rc8+ Bc6 75. Rxc6+ Kxc6 76. Kxg2 c1=Q 77. Kf3 Qd2 78. Kg4 Kd5 79. Kf5 Qf2+ 80. Kg6 Ke6 81. Kh7 Kf7 82. Kh8 Qh4# 0-1

[Event "*** Titled Tuesday Blitz"]
[Site "Chess.com"]
[Date "2020.03.03"]
[Round "4"]
[White "SerGo055"]
[Black "Rubinstein_Akiba"]
[Result "1/2-1/2"]
[WhiteElo "2525"]
[BlackElo "2351"]
[TimeControl "180+1"]
[EndTime "13:42:20 PST"]
[Termination "Game drawn - insufficient material"]

1. d4 Nf6 2. Nf3 e6 3. c4 d5 4. Nc3 Bb4 5. Bg5 O-O 6. e3 h6 7. Bxf6 Qxf6 8. Qb3 Bxc3+ 9. bxc3 dxc4 10. Bxc4 c5 11.
O-O Nc6 12. Qa4 Bd7 13. Bb5 a6 14. Bxc6 Bxc6 15. Qd1 Rfd8 16. Ne5 Bb5 17. Re1 Rac8 18. a4 Be8 19. Qf3 cxd4 20. cxd4 b5 21. axb5 Qxf3 22. gxf3 Bxb5 23. Rec1 f6 24. Ng6 Kf7 25. Nf4 g5 26.
Nh5 f5 27. Kg2 Ke7 28. f4 g4 29. h3 gxh3+ 30. Kxh3 Kd6 31. Ng3 Kd5 32. Kg2 Kd6 33. f3 Rg8 34. Kf2 Rh8 35. e4 fxe4 36. fxe4 h5 37. Rxc8 Rxc8 38. Nxh5 Rc2+ 39. Kg3 Rc3+ 40.
Kh4 Rd3 41. d5 exd5 42. e5+ Ke6 43. Kg5 Rd2 44. Ng7+ Kf7 45. Nf5 Rg2+ 46. Kh4 Be2 47. Ne3 Rf2 48. f5 Rf3 49. e6+ Kf6 50. Nxd5+ Kxf5 51.
e7 Bb5 52. Rxa6 Rd3 53. Rb6 Ba4 54. Ra6 Bd7 55. Rd6 Bb5 56. Rf6+ Ke5 57. Rf8 Rxd5 58.
e8=Q+ Bxe8 59. Rxe8+ Kd4 60. Rg8 Re5 61. Rg4+ Kd3 62.
Rf4 Ke3 63. Rg4 Kf3 64. Rg3+ Kf2 65. Rg4 Re3 66. Rg5 Re4+ 67. Kh5 Re8 68. Kg6 Rg8+ 69.
Kf5 Rf8+ 70. Kg6 Kf3 71. Rf5+ Rxf5 72. Kxf5 1/2-1/2

[Event "*** Titled Tuesday Blitz"]
[Site "Chess.com"]
[Date "2020.03.03"]
[Round "4"]
[White "IgorBjelobrk"]
[Black "Sergey85Rodchenkov"]
[Result "0-1"]
[WhiteElo "2708"]
[BlackElo "2571"]
[TimeControl "180+1"]
[EndTime "13:42:23 PST"]
[Termination "Sergey85Rodchenkov won by resignation"]

1. d4 d5 2. c4 dxc4 3. e4 e5 4. Nf3 exd4 5. Bxc4 Nc6 6. O-O Be6 7. Bb5 Bc5 8. b4 Bb6 9. a4 a6 10. Bxc6+ bxc6 11. Bb2 Nf6 12. a5 Ba7 13. Bxd4 Nxe4 14. Re1 Nf6 15. Nc3 O-O 16. Bxa7 Rxa7 17. Nd4 Bd5 18. Na4 Rb7 19. Rb1 Nd7 20. Qg4 Qf6 21. h4 Ne5 22. Qf5 Qxf5 23. Nxf5 Nd3 24. Red1 Nxb4 25. Nc5 Rb5 26.
Nd7 Re8 27. Nd4 Rb7 28. Re1 Rxe1+ 29. Rxe1 g6 30. Re8+ Kg7 31. Nc5 Ra7 32. g4 Na2 33.
g5 Nc3 34. f3 Nb5 35. Nc2 Nd6 36. Rd8 Nb7 37. Nxb7 Rxb7 38. Ne3 Rb1+ 39. Kf2 Rb5 40. Ng4 Rb2+ 41. Kg3 Rb3 42. Nh6 Rxf3+ 43. Kh2 f6 44. Rd7+ Kf8 45. Rxc7 fxg5 46. hxg5 Rf2+ 47. Kg3 Rf1 48.
Rxh7 Ra1 49. Ng4 Rxa5 50. Nf6 Bf7 51. Kg4 Ra4+ 52. Kf3 c5 53. Rh8+ Ke7 54. Rc8 c4 55.
Rc6 Ra3+ 56. Kf4 a5 57. Ke5 Re3+ 58. Kf4 Re6 59. Rc7+ Kf8 60. Ra7 Rd6 61. Rxa5 Rc6 62. Ra8+ Kg7 63. Ra1 c3 64. Rc1 c2 65. Ke3 Be6 66.
Kd3 Bf5+ 67. Kd4 Kf7 68. Nd5 Ke6 69. Ne3 Rd6+ 70. Kc5 Be4 71. Nxc2 Rc6+ 72. Kd4 Bxc2 73. Ke3 Kf5 74. Kd2 Be4 75. Rg1 Kf4 76. Ke2 Rc2+ 77.
Kd1 Bf5 0-1

[Event "*** Titled Tuesday Blitz"]
[Site "Chess.com"]
[Date "2020.03.03"]
[Round "4"]
[White "SCIM"]
[Black "EugeneRougon"]
[Result "1/2-1/2"]
[WhiteElo "2491"]
[BlackElo "2684"]
[TimeControl "180+1"]
[EndTime "13:42:23 PST"]
[Termination "Game drawn - insufficient material"]

1. d4 d6 2. e4 Nf6 3. f3 g6 4. c4 Bg7 5. Nc3 O-O 6. Bg5 h6 7. Be3 c5 8. d5 e6 9. Qd2 exd5 10. cxd5 a6 11. a4 Nbd7 12. Nh3 Rb8 13. Nf2 h5 14. Be2 Nh7 15. O-O Ne5 16. h3 f5 17.
exf5 Bxf5 18. Rae1 g5 19. Nce4 Nf7 20. g4 Bg6 21.
Kg2 b5 22. axb5 axb5 23. Ra1 Ne5 24. Ra7 Rf7 25. Rfa1 Nc4 26. Bxc4 bxc4 27. Rxf7 Bxf7 28. Nxg5 Rxb2 29. Nxf7 Rxd2 30. Nxd8 Rxf2+ 31. Kxf2 Bxa1 32. Nb7 hxg4 33. hxg4 Nf6 34. Nxd6 c3 35. Ke2 Nxd5 36. Ne4 c4 37. Bc1 Nb4 38. f4 Bb2 39. Be3 c2 40. f5 c1=Q 41. Bxc1 Bxc1 42. g5 Nd5 43. f6 Kf7 44. Nd6+ Kg6 45. Nxc4 Bxg5 46. f7 Kxf7 47. Ne5+ Ke6 48. Nf3 Bf4 49. Nd4+ Ke5 50. Nf3+ Ke4 51. Nd2+ Kf5 52. Nf3 Nc3+ 53. Kd3 Nd5 54. Nd4+ Ke5 55. Ne2 Bg5 56. Nd4 Nf4+ 57. Kc4 Ke4 58. Nb5 Ne6 59.
Nc3+ Ke5 60. Nb5 Be3 61. Kd3 Bb6 62. Nc3 Nf4+ 63. Kc4 Bd4 64. Nb5 Be3 65. Nc3 Ne6 66. Nd5 Bd4 67. Ne7 Bg1 68. Nc6+ Kd6 69. Nb4 Nc5 70.
Nd3 Ne4 71. Nf4 Be3 72. Ne2 Bf2 73. Nc3 Nf6 74. Kd3 Ba7 75. Ne4+ Nxe4 76. Kxe4 1/2-1/2

[Event "*** Titled Tuesday Blitz"]
[Site "Chess.com"]
[Date "2020.03.03"]
[Round "4"]
[White "pouya21"]
[Black "VladDobrov"]
[Result "0-1"]
[WhiteElo "2792"]
[BlackElo "2955"]
[TimeControl "180+1"]
[EndTime "13:42:24 PST"]
[Termination "VladDobrov won by resignation"]

1. e4 c5 2. Nf3 Nc6 3. Bb5 e6 4.
O-O Nge7 5. d4 cxd4 6. Nxd4 Ng6 7. Be2 Be7 8. c4 O-O 9. Nc3 d6 10. Be3 Bd7 11. Rc1 Nxd4 12. Qxd4 Bc6 13. Rfd1 a6 14.
b4 Qb8 15. b5 axb5 16. cxb5 Bd7 17. a4 Rd8 18. Qd2 Be8 19. Bb6 Rc8 20. a5 h6 21. g3 Ne5 22. Na4 Bxb5 23. Nc3 Be8 24.
f4 Nc4 25. Bxc4 Rxc4 26. Qd3 Rc8 27. Ne2 Bd7 28. e5 Ba4 29. Rxc8+ Qxc8 30. exd6 Bxd1 31. dxe7 Bxe2 32. Qd8+ Kh7 33. e8=Q Qc1+ 34. Kf2 Qf1+ 35. Ke3 Rxd8 36. Qxd8 Bb5 37. Qd2 Qg1+ 38. Ke4 Qf1 39. Ke5 Qf3 40. Qc2+ Bd3 41. Qa2 Qe4+ 42. Kd6 Qc6+ 43. Ke5 Qd7 44. f5 f6+ 45. Kf4 e5+ 46.
Ke3 Bxf5 47. Qg2 Qd3+ 48. Kf2 Qd2+ 49. Kg1 Qd3 50. Qf1 Qd7 51. h4 Be4 52. Qe1 Qd3 53.
Qe3 Qb1+ 54. Kf2 Bc6 55. Qe2 Qf5+ 56. Ke1 h5 57. Qf2 Qg4 58. Qe3 Bf3 59. Kd2 Qxg3 60. Qd3+ e4 61. Qe3 Qxh4 62. Kc3 Qg4 63. Bc7 Qd7 64.
Bf4 h4 65. Qf2 g5 66. Be3 Qc6+ 67. Kd2 Kg6 68. Bd4 h3 69. Ke3 Qd6 70. Qb2 Qf4+ 71.
Kf2 Qh2+ 72. Ke3 Qxb2 73. Bxb2 h2 0-1

[Event "*** Titled Tuesday Blitz"]
[Site "Chess.com"]
[Date "2020.03.03"]
[Round "4"]
[White "ZWISCHENZUGGED"]
[Black "NoGalloNoParty"]
[Result "1/2-1/2"]
[WhiteElo "2546"]
[BlackElo "2294"]
[TimeControl "180+1"]
[EndTime "13:42:25 PST"]
[Termination "Game drawn - insufficient material"]

1. d4 Nf6 2. c4 g6 3. g3 c6 4. Bg2 d5 5. Qa4 dxc4 6. Qxc4 Bg7 7. Nf3 O-O 8. O-O Bf5 9. Rd1 Nbd7 10. e3 Qc7 11.
Nc3 Rac8 12. h3 Ne4 13. Qe2 Nxc3 14. bxc3 Be4 15. Ba3 c5 16. Qb2 Rfd8 17. Rac1 Nb6 18. Bxc5 Na4 19. Qb4 Nxc5 20. dxc5 Bc6 21. Rxd8+ Rxd8 22. Nd4 Bxg2 23. Kxg2 e5 24. Nf3 Bf8 25. Rb1 Rd7 26.
Qe4 f6 27. c6 Qxc6 28. Qxc6 bxc6 29. Rb8 Kf7 30. g4 Be7 31. g5 Ke6 32. gxf6 Bxf6 33. e4 Rd3 34. c4 Ra3 35. Rb7 Rxa2 36. Rxh7 a5 37. Ra7 Be7 38. Ra6 Kd6 39. c5+ Kxc5 40. Nxe5 Kb5 41. Rxc6 Bc5 42. Rc8 Rxf2+ 43. Kg3 Re2 44.
Rb8+ Ka6 45. Kf3 Re3+ 46. Kf4 Re1 47. Rd8 Rf1+ 48. Kg4 a4 49. Nc4 Kb5 50. Nd2 Rg1+ 51. Kf3 Rd1 52. Ke2 Rh1 53. Rb8+ Kc6 54. Kd3 Rxh3+ 55.
Kc2 Rh2 56. Rc8+ Kb5 57. Rg8 Bb6 58. Rxg6 Be3 59. Rg5+ Kb6 60. Rg6+ Kb5 61. Kd3 Rxd2+ 62. Kxe3 Rb2 63. Rg5+ Kb4 64. Rg8 a3 65. Rb8+ Kc3 66.
Rc8+ Kb3 67. Rb8+ Kc2 68. Ra8 a2 69. e5 Kb1 70. Rd8 Rb3+ 71. Ke4 Kb2 72. Rd2+ Ka3 73. Rxa2+ Kxa2 74. Kd5 Rb5+ 75. Kd6 Kb3 76. e6 Rb6+ 77.
Kd7 Kc4 78. e7 Rb7+ 79. Kd8 Rxe7 80. Kxe7 1/2-1/2

[Event "*** Titled Tuesday Blitz"]
[Site "Chess.com"]
[Date "2020.03.03"]
[Round "4"]
[White "vugarrasulov"]
[Black "MarcoRiehle"]
[Result "1-0"]
[WhiteElo "2895"]
[BlackElo "2751"]
[TimeControl "180+1"]
[EndTime "13:42:29 PST"]
[Termination "vugarrasulov won by resignation"]

1. e4 e5 2. Nf3 Nf6 3. Nxe5 Nxe4 4. Qe2 Qe7 5. Qxe4 d6 6. d4 dxe5 7. dxe5 Nc6 8. Bd3 Nxe5 9. O-O Nxd3 10. Qxd3 Be6 11.
Bf4 Qd7 12. Qe3 Be7 13. Nc3 O-O 14. Rad1 Qc6 15. Qg3 Bf6 16. Bxc7 Rac8 17. Be5 Bxe5 18. Qxe5 Rfe8 19. Qd4 a6 20. Rfe1 h6 21. a3 Bf5 22.
Qd2 Kh7 23. Rc1 Qg6 24. Qd5 b5 25. h4 Rcd8 26. Qf3 Bxc2 27. Rxe8 Rxe8 28. h5 Qf5 29. Qxf5+ Bxf5 30. f3 Rd8 31. Rd1 Rxd1+ 32. Nxd1 g6 33.
hxg6+ fxg6 34. Kf2 Kg7 35. Ke3 Kf6 36. Kd4 g5 37. Ne3 h5 38. Nd5+ Kg6 39. Ke5 Bd3 40. f4 g4 41. f5+ Kg5 42. f6 Bg6 43. g3 h4 44. gxh4+ Kxh4 45. Ne7 Bf7 46. Nf5+ Kg5 47.
Ng3 Kh4 48. Kf4 Kh3 49. b4 Bg6 50. Nf5 Bf7 51. Ng3 Bg6 52. Ne4 Kh4 53. Nd6 g3 54. Nf5+ Kh5 55. Nxg3+ Kh6 56. Nf5+ Kh7 57. Ke5 Bf7 58.
Ne7 Kh6 59. Nd5 Kg5 60. Nc7 Kg6 61. Nxa6 Bc4 62. Nc7 Bf1 63. Ke6 Be2 64. Ke7 Bc4 65. Nxb5 Kf5 66. Nd6+ Ke5 67. Nxc4+ 1-0

[Event "*** Titled Tuesday Blitz"]
[Site "Chess.com"]
[Date "2020.03.03"]
[Round "4"]
[White "Ba_clbaf_osed_ingo_3v21"]
[Black "Rsnr"]
[Result "1-0"]
[WhiteElo "2616"]
[BlackElo "2795"]
[TimeControl "180+1"]
[EndTime "13:42:48 PST"]
[Termination "Ba_clbaf_osed_ingo_3v21 won by resignation"]

1. Nf3 d5 2. c4 d4 3. g3 Nc6 4.
Bg2 e5 5. O-O Nf6 6. d3 Be7 7.
a3 a5 8. e3 O-O 9. exd4 exd4 10. Re1 h6 11. Bf4 Re8 12. Ne5 Nxe5 13. Bxe5 c6 14. Nd2 Ng4 15. h3 Nxe5 16. Rxe5 Be6 17. Rxe6 fxe6 18. Qh5 Qb6 19. Rb1 Qc5 20. Qe2 Qf5 21. Re1 e5 22. Bf3 Bd6 23. Ne4 Rad8 24.
Bg4 Qf7 25. h4 Rf8 26. h5 Kh8 27. Kg2 Be7 28. Nd2 b5 29. cxb5 cxb5 30. Nf3 Bf6 31. Rc1 Qd5 32. Bf5 Rfe8 33. Be4 Qd6 34. Rc6 Qe7 35. Qc2 Rd6 36. Rc7 Rd7 37. Rc5 Rb8 38. Bf5 Rdd8 39. Nd2 Qf8 40. Ne4 Be7 41. Rxe5 Bd6 42.
Nxd6 Qxd6 43. Qe2 b4 44. Rxa5 bxa3 45. bxa3 Ra8 46. Re5 Qxa3 47. Qg4 Qd6 48. Re6 Qd5+ 49. Be4 Qg5 50. Qxg5 hxg5 51. Bxa8 Rxa8 52. Rd6 Ra4 53. f3 Kh7 54. Kh3 Ra3 55. Rxd4 Kh6 56. Kg4 Ra6 57. Re4 Rd6 58. d4 g6 59. hxg6 Kxg6 60.
f4 gxf4 61. Kxf4 Kf6 62. g4 Rd5 63. Ke3 Rg5 64. Kd3 Rg8 65. d5 Rd8 66. Kd4 Ra8 67.
d6 Ra4+ 68. Kd5 Ra1 69. Kc6 Rc1+ 70. Kd7 Ra1 71. Re2 Ra7+ 72. Kc8 Ra8+ 73. Kb7 1-0